 Dungeon Crawl Stone Soup version 0.21.1-1-g345015f (webtiles) character file.

840 empire the Ducker (level 8, 0/63 HPs)
             Began as a Gnoll Gladiator on Apr 6, 2018.
             Slain by Sigmund
             ... wielding a +0 scythe
              (9 damage)
             ... on level 2 of the Dungeon.
             The game lasted 00:06:48 (3597 turns).

empire the Ducker (Gnoll Gladiator)                 Turns: 3597, Time: 00:06:49

Health: 0/63       AC:  6    Str: 16 (19) XL:     8   Next: 0%
Magic:  12/12      EV: 15    Int:  8 (11) God:
Gold:   120        SH:  0    Dex: 14 (16) Spells: 12/12 levels left

rFire    . . .     SeeInvis .   a - +0 war axe
rCold    + . .     Gourm    .   (no shield)
rNeg     . . .     Faith    .   t - +0 ring mail
rPois    .         Spirit   .   c - +0 helmet
rElec    .         Reflect  .   (no cloak)
rCorr    .         Harm     .   (no gloves)
MR       .....                  (no boots)
Stlth    ++........             (no amulet)
HPRegen  0.20/turn              r - ring of protection from cold
MPRegen  0.13/turn              (no ring)

@: flying (expiring)
A: distributed training, fangs 1, strong nose
a: no special abilities


You were on level 2 of the Dungeon.
You were not hungry.

You visited 1 branch of the dungeon, and saw 4 of its levels.

You collected 120 gold pieces.

Inventory:

Hand Weapons
 a - a +0 war axe (weapon)
Missiles
 d - 3 throwing nets
 i - 35 arrows
 q - 5 tomahawks (quivered)
Armour
 c - a +0 helmet (worn)
 t - a +0 ring mail (worn)
Magical Staves
 p - an uncursed staff of conjuration {unknown}
Jewellery
 r - a ring of protection from cold (left hand)
 v - a cursed ring of loudness {unknown}
Wands
 u - a wand of iceblast (8)
Scrolls
 b - a scroll of enchant armour {unknown}
 e - a scroll of enchant weapon {unknown}
 g - 7 scrolls of remove curse {unknown}
 h - 5 scrolls of teleportation {unknown}
 j - 2 scrolls of random uselessness {unknown}
 l - a scroll of fear {unknown}
 n - 5 scrolls of magic mapping {unknown}
 o - 3 scrolls of identify {unknown}
Potions
 k - a potion of flight
Comestibles
 f - 8 rations


   Skills:
 + Level 5.4 Fighting
 + Level 2.8 Short Blades
 + Level 2.8 Long Blades
 + Level 7.1 Axes
 + Level 2.8 Maces & Flails
 + Level 2.8 Polearms
 + Level 2.8 Staves
 + Level 2.8 Slings
 + Level 2.8 Bows
 + Level 2.8 Crossbows
 + Level 5.4 Throwing
 + Level 2.8 Armour
 + Level 7.1 Dodging
 + Level 2.8 Stealth
 + Level 2.8 Shields
 + Level 2.8 Unarmed Combat
 + Level 2.8 Spellcasting
 + Level 2.2 Conjurations
 + Level 2.2 Hexes
 + Level 2.2 Charms
 + Level 2.2 Summonings
 + Level 2.2 Necromancy
 + Level 2.2 Translocations
 + Level 2.2 Transmutations
 + Level 2.2 Fire Magic
 + Level 2.2 Ice Magic
 + Level 2.2 Air Magic
 + Level 2.2 Earth Magic
 + Level 2.2 Poison Magic
 + Level 3.1 Invocations
 + Level 2.8 Evocations


You had 12 spell levels left.
You didn't know any spells.

Dungeon Overview and Level Annotations

Branches:
Dungeon (4/15)
 Temple: D:4-7

Altars:
Elyvilon
Fedhas
Gozag
Nemelex Xobeh

Annotations:
D:2 Sigmund


Innate Abilities, Weirdness & Mutations

Your experience applies equally to all skills.
You have very sharp teeth.
Your uncanny sense of smell can sniff out nearby items.


Message History

You hit something. You hit the kobold.
You hear some strange, mumbled words.
A magic dart appears from out of thin air!
The magic dart hits you!
* * * LOW HITPOINT WARNING * * *
The kobold misses you.
You miss something. You slash the kobold!
You kill the kobold!
You hit something. Something barely misses you.
You slash something! You closely miss something. Something hits you!
* * * LOW HITPOINT WARNING * * *
You hit something but do no damage.
You hear some strange, mumbled words.
A puff of flame appears from out of thin air!
The puff of flame misses you.
You miss something.
You are starting to lose your buoyancy.
Something hits you!
You die...

#.......# #.. #.......# #.#
#.......# #.# #.......# #.#
#.......# #######.#
#######.......##### ##........
.?.....>..........###...####.#
#######......{###..##...####>#
#?.....@)...(....(.(....
#.....).####.###.#######
........## #..##........
........######.##########
....................#
..?.....#######.###.#
K.......##.####.###.#
........##..........# .......
#.#####.########


There were no monsters in sight!

Vanquished Creatures
  Pikel (D:4)
  The ghost of iamserjio the Ducker, an amateur OpMo (D:4)
  A hound (D:4)
  An orc priest (D:4)
  Ijyb (D:4)
  An iguana (D:4)
  A hound skeleton (D:4)
  4 adders
  2 oozes (D:3)
  An adder skeleton (D:4)
  3 dart slugs
  A leopard gecko (D:3)
  8 orcs
  A ball python (D:2)
  7 bats
  4 giant cockroaches
  17 goblins
  5 hobgoblins
  10 jackals
  7 kobolds
  A quokka (D:2)
  5 frilled lizards
  A jackal skeleton (D:4)
  5 rats
89 creatures vanquished.

Vanquished Creatures (others)
  A hound (D:4)
1 creature vanquished.

Grand Total: 90 creatures vanquished

Notes
Turn   | Place    | Note
-------+----------+-------------------------------------------
     0 | D:1      | empire the Gnoll Gladiator began the quest for the Orb.
     0 | D:1      | Reached XP level 1. HP: 20/20 MP: 1/1
   196 | D:1      | Reached XP level 2. HP: 26/26 MP: 2/2
   666 | D:2      | Reached XP level 3. HP: 30/31 MP: 3/3
   755 | D:2      | Noticed Sigmund
   929 | D:3      | Reached skill level 1 in Invocations
  1084 | D:3      | Reached skill level 1 in Short Blades
  1084 | D:3      | Reached skill level 1 in Long Blades
  1084 | D:3      | Reached skill level 1 in Maces & Flails
  1084 | D:3      | Reached skill level 1 in Polearms
  1084 | D:3      | Reached skill level 1 in Staves
  1084 | D:3      | Reached skill level 1 in Slings
  1084 | D:3      | Reached skill level 1 in Bows
  1084 | D:3      | Reached skill level 1 in Crossbows
  1084 | D:3      | Reached skill level 1 in Armour
  1084 | D:3      | Reached skill level 1 in Stealth
  1084 | D:3      | Reached skill level 1 in Shields
  1084 | D:3      | Reached skill level 1 in Unarmed Combat
  1084 | D:3      | Reached skill level 1 in Spellcasting
  1084 | D:3      | Reached skill level 1 in Evocations
  1103 | D:3      | Reached XP level 4. HP: 38/38 MP: 5/5
  1245 | D:3      | Found an opulent altar of Gozag.
  1507 | D:3      | Reached skill level 1 in Conjurations
  1507 | D:3      | Reached skill level 1 in Hexes
  1507 | D:3      | Reached skill level 1 in Charms
  1507 | D:3      | Reached skill level 1 in Summonings
  1507 | D:3      | Reached skill level 1 in Necromancy
  1507 | D:3      | Reached skill level 1 in Translocations
  1507 | D:3      | Reached skill level 1 in Transmutations
  1507 | D:3      | Reached skill level 1 in Fire Magic
  1507 | D:3      | Reached skill level 1 in Ice Magic
  1507 | D:3      | Reached skill level 1 in Air Magic
  1507 | D:3      | Reached skill level 1 in Earth Magic
  1507 | D:3      | Reached skill level 1 in Poison Magic
  1743 | D:4      | Noticed Pikel
  1743 | D:4      | Noticed a slave
  1743 | D:4      | Noticed a slave
  1744 | D:4      | Noticed a slave
  1745 | D:4      | Noticed a slave
  1763 | D:4      | Killed Pikel
  1763 | D:4      | Reached skill level 5 in Fighting
  1763 | D:4      | Reached skill level 5 in Throwing
  1763 | D:4      | Reached XP level 5. HP: 27/44 MP: 5/8
  1763 | D:4      | Reached XP level 6. HP: 31/51 MP: 5/9
  1763 | D:4      | Reached XP level 7. HP: 35/56 MP: 5/10
  2362 | D:4      | Noticed iamserjio's ghost (amateur OpMo)
  2369 | D:4      | Killed iamserjio's ghost
  2500 | D:4      | Found a sparkling altar of Nemelex Xobeh.
  2735 | D:4      | Found a white marble altar of Elyvilon.
  2735 | D:4      | Found a blossoming altar of Fedhas.
  3002 | D:4      | Noticed Ijyb
  3015 | D:4      | Killed Ijyb
  3571 | D:2      | Reached XP level 8. HP: 61/63 MP: 12/12
  3597 | D:2      | Slain by Sigmund

Skill      XL: |  1  2  3  4  5  6  7 |
---------------+----------------------+-----
Invocations    | 1 2 3 |  3.1
Short Blades   | 1 2 |  2.8
Long Blades    | 1 2 |  2.8
Maces & Flails | 1 2 |  2.8
Polearms       | 1 2 |  2.8
Staves         | 1 2 |  2.8
Slings         | 1 2 |  2.8
Bows           | 1 2 |  2.8
Crossbows      | 1 2 |  2.8
Armour         | 1 2 |  2.8
Stealth        | 1 2 |  2.8
Shields        | 1 2 |  2.8
Unarmed Combat | 1 2 |  2.8
Spellcasting   | 1 2 |  2.8
Evocations     | 1 2 |  2.8
Conjurations   | 1 2 |  2.2
Hexes          | 1 2 |  2.2
Charms         | 1 2 |  2.2
Summonings     | 1 2 |  2.2
Necromancy     | 1 2 |  2.2
Translocations | 1 2 |  2.2
Transmutations | 1 2 |  2.2
Fire Magic     | 1 2 |  2.2
Ice Magic      | 1 2 |  2.2
Air Magic      | 1 2 |  2.2
Earth Magic    | 1 2 |  2.2
Poison Magic   | 1 2 |  2.2
Fighting       | 5 |  5.4
Axes           | 7 |  7.1
Throwing       | 5 |  5.4
Dodging        | 7 |  7.1

Action                   |  1- 3 |  4- 6 |  7- 9 || total
-------------------------+-------+-------+-------++-------
Melee: War axe           |    79 |    61 |   117 ||   257
       Bite              |     7 |     4 |     7 ||    18
       Punch             |       |     1 |       ||     1
  Use: Potion            |       |     1 |     6 ||     7
 Stab: Sleeping          |     3 |       |     2 ||     5
  Eat: Chunk             |     1 |     2 |     2 ||     5
       Ration            |       |       |     1 ||     1
Armor: Leather armour    |    14 |       |       ||    14
       Ring mail         |     2 |    15 |    27 ||    44
       Skin              |       |     9 |       ||     9
Dodge: Dodged            |    92 |    43 |   112 ||   247
